 Dungeon Crawl Stone Soup version 0.31-a0-1098-g6898e6545c (webtiles) character file.

Game seed: 14097341666762540164

1255 HessuHobo the Changeling (level 8, -2/77 HPs)
             Began as a Red Draconian Shapeshifter on Nov 30, 2023.
             Was a Believer of Trog.
             Slain by a sky beast (6 damage)
             ... on level 6 of the Dungeon.
             The game lasted 00:20:11 (6223 turns).

HessuHobo the Changeling (DrSh)                     Turns: 6223, Time: 00:20:12

Health: -2/77      AC:  6    Str: 21    XL:     8   Next: 26%
Magic:  8/8        EV: 13    Int: 12    God:    Trog [**....]
Gold:   265        SH:  0    Dex: 24    Spells: 7/7 levels left

rFire   . .          .
                       - Unarmed
rCold   . . .        (shield currently unavailable)
rNeg    . . .        (body armour unavailable)
rPois   .            (helmet currently unavailable)
rElec   .            (cloak currently unavailable)
rCorr   .            (gloves currently unavailable)
SInv    .            (boots currently unavailable)
Will    ++...        (no amulet) Stlth
                     p - +6 ring of dexterity
HPRegen 1.32/turn    z - +6 ring of dexterity
MPRegen 0.11/turn

%: no passive effects
@: berserking, snake-form, strong-willed, regenerating, very quick
A: constrict, reduced hp, (breathe fire), AC +6, large, unfitting armour, (fire
resistance 1), (cold-blooded)
a: Begin Untransformation, Renounce Religion, Berserk, Trog's Hand


You were on level 6 of the Dungeon.
You worshipped Trog.
Trog was pleased with you.
You were an enormous anaconda.
You visited 1 branch of the dungeon, and saw 7 of its levels.
You also visited: Sewer.

You collected 265 gold pieces.

Inventory:

Hand Weapons
 j - a +2 dagger of protection
Missiles
 C - a throwing net
Armour
 i - a +0 plate armour
 m - a +1 pair of boots
 E - a +0 pair of gloves
Jewellery
 p - a +6 ring of dexterity (left hand)
 v - a ring of resist corrosion
 z - a +6 ring of dexterity (right hand)
Talismans
 b - a beast talisman
 c - a flux talisman
 t - a serpent talisman (active)
Scrolls
 d - 3 scrolls of noise
 e - 2 scrolls of revelation
 f - a scroll of fog
 h - a scroll of amnesia
 l - a scroll of torment
 n - a scroll of enchant armour
 o - a scroll of acquirement {unknown}
 s - 2 scrolls of teleportation {unknown}
 u - a scroll of fear {unknown}
 x - a scroll of brand weapon {unknown}
 y - a scroll of immolation {unknown}
 A - a scroll of vulnerability {unknown}
 D - a scroll of blinking {unknown}
Potions
 a - a potion of brilliance
 g - 9 potions of enlightenment
 k - a potion of lignification
 q - a potion of attraction
 r - a potion of mutation {unknown}
 w - a potion of might {unknown}
 B - a potion of curing


   Skills:
 - Level 4.0 Fighting
 - Level 5.0 Dodging
 - Level 2.0 Stealth
 - Level 4.8 Unarmed Combat
 * Level 6.4 Shapeshifting


You had 7 spell levels left.
You didn't know any spells.
Your spell library contained the following spells:

 Spells                   Type           Power      Damage    Failure   Level
 Slow                     Hex            0%         N/A       32%         1
 Confusing Touch          Hex            0%         N/A       69%         3
 Sigil of Binding         Hex            0%         N/A       69%         3
 Vampiric Draining        Necr           0%         2d6       69%         3
 Brom's Barrelling Bould  Conj/Erth      0%         2d3       97%         4
 Fireball                 Conj/Fire      0%         3d3       100%        5
 Iskenderun's Battlesphe  Conj           0%         2d6       100%        5
 Conjure Ball Lightning   Conj/Air       0%         3x3d6     100%        6
 Orb of Destruction       Conj           0%         9d5       100%        7


Dungeon Overview and Level Annotations

Branches:
Dungeon (7/15)             Temple (0/1) D:4           Sewer (visited)

Altars:
Elyvilon
Kikubaaqudgha
Qazlal
Ru
Sif Muna
Trog
Xom
Zin

Shops:
D:3 (

Annotations:
D:4 exclusions: gnoll sergeant and upstairs
D:6 1 runed translucent door, Bizboz's ghost, novice DjAE


Innate Abilities, Weirdness & Mutations

You are an enormous anaconda.
You have a powerful constriction melee attack.
Your maximum health is decreased, since you lack skill for your form.
Your armour is entirely melded.
You are incapable of wielding weapons or throwing items.
((You can breathe blasts of fire.))
((Your fiery red scales are hard. (AC +6)))
You cannot fit into any form of body armour.
((Your flesh is heat resistant. (rF+)))
((You are cold-blooded and may be slowed by cold attacks.))


Message History

You climb downwards.
Found a distressingly furry ring mail.
There is a stone staircase leading up here.
There are monsters nearby!
There are monsters nearby!
There are monsters nearby!
There are monsters nearby!
There are monsters nearby!
The water moccasin hisses angrily.
The wyvern hisses angrily.
A sleepcap comes into view.
The wyvern bites you! The wyvern bites you! The sky beast hits you.
The sky beast shocks you.
You climb upwards.
Level annotation: 1 runed translucent door, Bizboz's ghost, novice DjAE
There is a stone staircase leading down here.
Okay, then.
Okay, then.
Your skin crawls.
You feel strong-willed.
The wyvern barely misses you. x2; The sky beast hits you.
The sky beast shocks you.
* * * LOW HITPOINT WARNING * * *
A red film seems to cover your vision as you go berserk!
You feel yourself moving faster!
You feel mighty! The wyvern closely misses you.
The sky beast closely misses you.
You barely miss the wyvern. You grab the wyvern. You constrict the wyvern.
The wyvern bites you!
* * * LOW HITPOINT WARNING * * *
You lash the wyvern!
The wyvern is severely wounded.
You constrict the wyvern.
The wyvern bites you but does no damage.
The sky beast closely misses you.
You lash the wyvern!
You kill the wyvern!
Trog accepts your kill. The sky beast hits you.
* * * LOW HITPOINT WARNING * * *
The sky beast shocks you.
You die...

#..........#.....##............#
#......).).##....+..#..........#
#..........##....#..#..........#
#...........#..................#
#.........#.###.#..#...........#
#.........#.###.#..............#
###########...#.#.##############
#######...........#
#....###.†S.......#
#.##....<#Y)......#
#.######.#........#
#........##.(.....#
###..#.........####
#............# #..#.(.......#
#..+.........# ##.#.........#


You could see a sky beast.

Vanquished Creatures
  A wyvern (D:6)
  A water moccasin (D:6)
  An orc warrior (D:5)
  An ogre (D:5)
  2 gnoll sergeants
  3 scorpions
  2 hounds
  An iguana (D:5)
  2 sleepcaps
  5 orc wizards
  13 gnolls
  11 adders
  6 river rats (Sewer)
  2 shadow imps
  A white imp (D:6)
  2 ufetubi (D:6)
  3 worms
  2 dart slugs
  11 orcs
  4 ball pythons
  7 endoplasms
  6 giant cockroaches
  7 hobgoblins
  9 jackals
  8 quokkas
  17 bats
  3 frilled lizards
  7 goblins
  7 kobolds
  9 rats
154 creatures vanquished.

Notes
Turn   | Place    | Note
-------+----------+-------------------------------------------
     0 | D:1      | HessuHobo the Draconian Shapeshifter began the quest for
                  | the Orb.
     0 | D:1      | Reached XP level 1. HP: 16/16 MP: 1/1
   115 | D:1      | Found a faded altar of an unknown god.
   141 | D:1      | Reached XP level 2. HP: 23/23 MP: 2/2
   468 | D:1      | Prayed at the altar of an unknown god.
   468 | D:1      | Became a worshipper of Sif Muna the Loreminder
   468 | D:1      | Reached * piety under Sif Muna
   488 | D:2      | Reached XP level 3. HP: 29/29 MP: 3/3
  1010 | D:3      | Found Qupnoas's Weapon Shop.
  1140 | D:3      | Reached ** piety under Sif Muna
  1185 | D:3      | Reached XP level 4. HP: 26/37 MP: 4/4
  1488 | D:3      | Found an ancient bone altar of Kikubaaqudgha.
  1498 | D:3      | Found a sacrificial altar of Ru.
  1501 | D:3      | Found a shimmering altar of Xom.
  1504 | D:3      | Found a bloodstained altar of Trog.
  1684 | D:3      | Found a stormy altar of Qazlal.
  1687 | D:3      | Noticed an earth elemental
  1688 | D:3      | Noticed an air elemental
  1688 | D:3      | Noticed a water elemental
  1688 | D:3      | Noticed a fire elemental
  1780 | D:3      | Fell from the grace of Sif Muna
  1780 | D:3      | Became a worshipper of Trog the Wrathful
  1857 | D:4      | Noticed a gnoll sergeant
  2038 | D:4      | Found a staircase to the Ecumenical Temple.
  2193 | D:4      | Reached XP level 5. HP: 23/42 MP: 5/5
  2419 | D:4      | Found a glowing drain.
  2429 | Sewer    | Entered a sewer
  2714 | Sewer    | Reached * piety under Trog
  2739 | Sewer    | Reached skill level 1 in Stealth
  2903 | Sewer    | Reached skill level 4 in Shapeshifting
  2908 | Sewer    | Reached XP level 6. HP: 8/51 MP: 6/6
  4010 | D:5      | Entered Level 5 of the Dungeon
  4446 | D:4      | Your scales start taking on a fiery red colour.
  4446 | D:4      | Reached XP level 7. HP: 37/58 MP: 7/7
  4446 | D:4      | Gained mutation: Your flesh is heat resistant. (rF+) [Red
                  | Draconian growth]
  4526 | D:5      | Reached ** piety under Trog
  5025 | D:5      | Found a glowing silver altar of Zin.
  5025 | D:5      | Found a white marble altar of Elyvilon.
  5133 | D:5      | Reached skill level 5 in Shapeshifting
  5562 | D:6      | Reached skill level 6 in Shapeshifting
  5562 | D:6      | Reached XP level 8. HP: 51/66 MP: 8/8
  5804 | D:6      | Noticed a hornet
  6054 | D:6      | Found a runed translucent door.
  6081 | D:6      | Noticed Bizboz's ghost (novice DjAE)
  6194 | D:6      | Reached skill level 5 in Dodging
  6221 | D:6      | HP: 3/77 [wyvern (14)]
  6223 | D:6      | Slain by a sky beast

Illustrated notes

Levels and vault maps discovered:
D:1:      wander_arrival_abandoned_jail, layout_rooms,
          ebering_ecumenical_altar_ruins
D:2:      layout_rooms
D:3:      layout_loops_ring, grunt_temple_overflow_cloverleaf,
          nicolae_qazlal_style_of_elements, serial_shops, shop,
          nicolae_kite_square_tiling_tiny
D:4:      cheibrodos_quashed, layout_loops_cross, lemuel_temple_firewalk_b,
          mainiacjoe_sewer_entry_somewhere_in_here_1
D:5:      layout_loops_cross, gammafunk_temple_overflow_wave
D:6:      layout_basic, ebering_ghost_sewer_d,
          serial_library_hellmonk_filled_rooms
D:7:      layout_layer_cave, serial_shops, nicolae_shop_mannequins,
          minmay_splitting_lines, eino_curves_01, grunt_ministairs_14

Skill      XL: |  1  2  3  4  5  6  7  8 |
---------------+-------------------------+-----
Dodging        | 2 3 4 5 |  5.0
Fighting       | 2 3 4 |  4.0
Stealth        | 1 2 |  2.0
Unarmed Combat | 4 |  4.8
Shapeshifting  | 4 6 |  6.4

Action                     |  1- 3 |  4- 6 |  7- 9 || total
---------------------------+-------+-------+-------++-------
  Melee: Unarmed           |   122 |   230 |   121 ||   473
         Tailslap          |     7 |    24 |    15 ||    46
         Punch             |     4 |     7 |       ||    11
         Constrict         |       |       |     5 ||     5
 Invoke: Berserk           |       |       |     1 ||     1
         Trog's Hand       |       |       |     1 ||     1
Ability: Begin Untransform |     1 |       |       ||     1
    Use: Potion            |     1 |     5 |       ||     6
         Scroll            |       |     5 |     4 ||     9
   Stab: Sleeping          |       |     3 |     3 ||     6
 Armour: Skin              |    64 |   144 |    80 ||   288
  Dodge: Dodged            |    82 |   180 |    99 ||   361
   Form: Beast             |     2 |       |       ||     2
         Flux              |     1 |       |       ||     1
         Anaconda          |       |       |     1 ||     1

Table legend: (Time is in decaauts)
 A = Elapsed time spent in this place.
 B = Non-inter-level travel time spent in this place.
 C = Inter-level travel time spent in this place.
 D = Time resting spent in this place.
 E = Time spent auto-exploring this place.
 F = Levels seen in this place.
 G = Mean time per level.
                   A        B        C        D        E       F      G
               +--------+--------+--------+--------+--------+-----+--------+
         Total |   6353 |   6154 |    199 |   1539 |   3144 |   8 |  794.1 |
       Dungeon |   5272 |   5073 |    199 |   1249 |   2765 |   7 |  753.1 |
         Sewer |   1081 |   1081 |      0 |    290 |    378 |   1 | 1081.0 |
               +--------+--------+--------+--------+--------+-----+--------+

Top non-repeatable levels by time:
     D:4: 1349 daAuts
     D:5: 1098 daAuts
   Sewer: 1081 daAuts
     D:6: 1012 daAuts
     D:3: 868 daAuts
     D:2: 478 daAuts
     D:1: 461 daAuts
     D:7: 3 daAuts
